Map: Simulacrum LE

Players

Exka - Winner!

  • Race: Protoss Protoss
  • Spawn Location: 11:00

VOD

Have the link to the VOD?

Description

Time

  • Played on: April 19, 2020, 2:51 p.m.
  • Length: 7:15
Show
View Real Time Build Order
Export as new Build Order

Exka Protoss - Winner!

Build Orders:  

Get SALT Encoding   

  1  0:00  Probe (Chrono Boost)  
  13  0:19  Pylon  
  13  0:22  Probe (Chrono Boost)  
  14  0:39  Probe (Chrono Boost)  
  15  0:48  Gateway  
  15  0:56  Probe (Chrono Boost)  
  16  1:13  Probe (Chrono Boost)  
  16  1:14  Assimilator  
  17  1:26  Probe (Chrono Boost)  
  17  1:29  Assimilator  
  18  1:37  Probe (Chrono Boost)  
  19  1:50  Probe (Chrono Boost)  
  20  2:06  Cybernetics Core  
  20  2:07  Probe (Chrono Boost)  
  21  2:20  Gateway  
  21  2:24  Probe (Chrono Boost)  
  21  2:26  Gateway  
  23  2:41  Probe (Chrono Boost)  
  23  2:51  Pylon  
  23  2:57  Twilight Council  
  23  3:16  Stalker  
  25  3:27  Stalker  
  27  3:39  Stalker  
  29  3:59  Stalker  
  31  4:04  Pylon  
  28  4:30  Stalker x2  
  35  4:41  Stalker  
  35  4:48  Pylon  
  37  4:50  Probe  
  38  5:13  Stalker x2, Probe  
  38  5:14  Blink (Chrono Boost)  
  43  5:24  Stalker  
  45  5:34  Probe  
  46  5:41  Pylon  
  46  6:03  Pylon  
  46  6:06  Stalker x2  
  50  6:26  Zealot  
  56  6:55  Probe  
  56  6:56  Pylon  
Tags
 
Add a new tag
Caveats
  • Supply blocks, unpowered buildings, or Contaminate may cause inaccurate times.
  • Supply counts are checked every 10 seconds.